 Dungeon Crawl Stone Soup version 0.29.1-15-g9cfb28693d (webtiles) character file.

Game seed: 7991500952577460019

4 croobank the Caller (level 1, -3/7 HPs)
             Began as a Felid Summoner on Mar 19, 2023.
             Slain by a gnoll
             ... wielding a +0 club
              (8 damage)
             ... on level 1 of the Dungeon.
             The game lasted 00:01:19 (381 turns).

croobank the Caller (Felid Summoner)                 Turns: 381, Time: 00:01:19

Health: -3/7       AC:  1    Str:  4    XL:     1   Next: 58%
Magic:  3/4        EV: 17    Int: 16    God:
Gold:   13         SH:  0    Dex: 16    Spells: 3/4 levels left
                                        Lives:  0   Deaths: 0

rFire   . . .      SeeInvis +   (weapon unavailable)
rCold   . . .      Faith    .   (shield unavailable)
rNeg    . . .      Spirit   .   (body armour unavailable)
rPois   .          Reflect  .   (helmet unavailable)
rElec   .          Harm     .   (cloak unavailable)
rCorr   .          Rampage  .   (gloves unavailable)
Will    .....                   (boots unavailable)
Stlth   ++........              (no amulet)
HPRegen 0.02/turn               (no ring)
MPRegen 0.09/turn               (no ring)

@: quick
A: very small, claws 1, fangs 3, see invisible, speed 1, shaggy fur 1, stealthy
paws, no weapons or thrown items, no armour, multi-lived
a: no special abilities


You were on level 1 of the Dungeon.
You visited 1 branch of the dungeon, and saw 1 of its levels.

You collected 13 gold pieces.

Inventory:

Scrolls
 b - a scroll of fog {unknown}
 c - a scroll of torment {unknown}
Potions
 d - a potion of heal wounds {unknown}


   Skills:
 + Level 2.9 Dodging
 + Level 2.9 Stealth
 + Level 2.1 Spellcasting
 + Level 4.0 Summonings


You had 3 spell levels left.
You knew the following spells:

 Your Spells              Type           Power      Damage    Failure   Level
a - Summon Small Mammal   Summ           56%        N/A       3%          1

Your spell library contained the following spells:

 Spells                   Type           Power      Damage    Failure   Level
 Call Imp                 Summ           14%        N/A       6%          2
 Call Canine Familiar     Summ           14%        N/A       12%         3
 Summon Guardian Golem    Hex/Summ       8%         N/A       26%         3
 Summon Lightning Spire   Summ/Air       8%         N/A       65%         4


Dungeon Overview and Level Annotations

Branches:
Dungeon (1/15)

Altars:


Innate Abilities, Weirdness & Mutations

You have sharp claws.
You have razor-sharp teeth.
You have supernaturally acute eyesight. (SInv)
You cover ground quickly. (Speed+)
You are covered in fur. (AC +1)
Your paws help you pounce on unaware monsters.
You are incapable of wielding weapons or throwing items.
You cannot wear armour.
You gain extra lives every three experience levels.


Message History

Your bat hits the gnoll but does no damage.
The gnoll barely misses your bat.
Your bat closely misses the gnoll.
The gnoll hits your bat with a +0 club.
Your bat dies!
Your bat's corpse disappears in a puff of smoke!
The gnoll hits your rat with a +0 club.
Your rat dies!
Your rat's corpse disappears in a puff of smoke!
Casting: Summon Small Mammal (safe; 3% risk of failure)
Confirm with . or Enter, or press ? or * to list all spells.
You barely miss the gnoll. The gnoll misses you.
Your bat hits the gnoll but does no damage.
You scratch the gnoll.
The gnoll is moderately wounded.
Your bat closely misses the gnoll.
The gnoll closely misses you.
You scratch the gnoll.
The gnoll is heavily wounded.
Your bat barely misses the gnoll.
The gnoll closely misses you.
Casting: Summon Small Mammal (safe; 3% risk of failure)
Confirm with . or Enter, or press ? or * to list all spells.
Okay, then.
Magic courses through your body.
Your bat hits the gnoll but does no damage.
The gnoll completely misses you.
Casting: Summon Small Mammal (safe; 3% risk of failure)
Confirm with . or Enter, or press ? or * to list all spells.
The gnoll closely misses you.
Your bat hits the gnoll but does no damage.
You scratch the gnoll.
The gnoll is heavily wounded.
Your bat hits the gnoll but does no damage. x3
You catch the helpless gnoll completely off-guard!
You scratch the gnoll. Your bite misses the gnoll.
The gnoll is severely wounded.
Your bat barely misses the gnoll.
The gnoll hits you with a +0 club.
Your bat hits the gnoll.
You swap places.
Your bat hits the endoplasm. The gnoll hits you with a +0 club!
Ouch! That really hurt!
You die...

#.# #... #.# .#..
#.# .#.. #.##.#..
#.#..#.# #)#.##.#
#####.#..#.#
#(......[#b######.
##†####...@J.......
#........b.g#######
#.###########
##'......####....
#........##....
#...##...##...
#..####..##..# .
#..# ##..##..## ..
#..)##...##...##...


You could see a gnoll (ally target), an endoplasm and 2 friendly bats.

Vanquished Creatures
  A quokka (D:1)
1 creature vanquished.

Vanquished Creatures (collateral kills)
  A giant cockroach (D:1)
  A goblin (D:1)
  A bat (D:1)
3 creatures vanquished.

Grand Total: 4 creatures vanquished

Notes
Turn   | Place    | Note
-------+----------+-------------------------------------------
     0 | D:1      | croobank the Felid Summoner began the quest for the Orb.
     0 | D:1      | Reached XP level 1. HP: 7/7 MP: 4/4
   381 | D:1      | Slain by a gnoll

Illustrated notes

Levels and vault maps discovered:
D:1:      minmay_arrival_four_loops, layout_basic

Action                   || total
-------------------------++-------
Melee: Unarmed           ||    10
       Bite              ||     3
 Cast: Summon Small Mamm ||    15
  Use: Potion            ||     1
 Stab: Distracted        ||     1
Dodge: Dodged            ||     8
